 Dungeon Crawl Stone Soup version 0.30.1-4-g462c640d31 (webtiles) character file.

Game seed: 11015275861951229023

59 Anandil the Trooper (level 3, -14/29 HPs)
             Began as a Demonspawn Fighter on Aug 12, 2023.
             Demolished by an ogre
             ... wielding a +0 giant spiked club
              (17 damage)
             ... on level 3 of the Dungeon.
             The game lasted 00:03:01 (1734 turns).

Anandil the Trooper (Demonspawn Fighter)            Turns: 1734, Time: 00:03:02

Health: -14/29     AC: 14    Str: 16    XL:     3   Next: 78%
Magic:  3/3        EV:  8    Int:  9    God:
Gold:   85         SH:  5    Dex: 14    Spells: 2/2 levels left

rFire   + . .        a - +0 long sword
rCold   + . .        c - +0 buckler
rNeg    . . .        b - +0 scale mail
rPois   +            (no helmet)
rElec   +            (no cloak)
rCorr   +            g - +0 pair of gloves
SInv    .            (no boots)
Will    .....        i - amulet of faith Stlth
                     f - ring of flight
HPRegen 0.24/turn    (no ring)
MPRegen 0.16/turn

%: faith
@: resistant, sanguine armoured, flying
A: magic regeneration, sanguine armour 1
a: no special abilities


You were on level 3 of the Dungeon.
You visited 1 branch of the dungeon, and saw 3 of its levels.

You collected 85 gold pieces.

Inventory:

Hand Weapons
 a - a +0 long sword (weapon)
Armour
 b - a +0 scale mail (worn)
 c - a +0 buckler (worn)
 g - a +0 pair of gloves (worn)
Jewellery
 f - a ring of flight (left hand)
 i - an amulet of faith (around neck)
Scrolls
 j - a scroll of magic mapping {unknown}
 k - a scroll of amnesia {unknown}
 l - a scroll of brand weapon {unknown}
 m - a scroll of enchant weapon {unknown}
 n - a scroll of vulnerability {unknown}
 o - a scroll of silence {unknown}
Potions
 d - a potion of might
 e - a potion of resistance
 h - a potion of magic {unknown}
 p - a potion of attraction {unknown}


   Skills:
 + Level 3.5 Fighting
 + Level 2.4 Long Blades
 + Level 3.2 Armour
 + Level 3.1 Shields


You had 2 spell levels left.
You didn't know any spells.
Your spell library contained the following spells:

 Spells                   Type           Power      Damage    Failure   Level
 Necrotise                Necr           0%         1d4       88%         1
 Vampiric Draining        Necr           0%         2d6       99%         3
 Agony                    Necr           0%         N/A       100%        5


Dungeon Overview and Level Annotations

Branches:
Dungeon (3/15)

Altars:
Kikubaaqudgha

Shops:
D:1 [


Innate Abilities, Weirdness & Mutations

You regenerate magic rapidly.
When seriously injured, your blood forms armour. (AC +6)


Message History

Done exploring.
There is an open door here.
There is a stone staircase leading up here.
There is a stone staircase leading down here.
Search for what [Enter for "."]? altar
There is a stone staircase leading up here.
You fly upwards.
There is a stone staircase leading down here.
There is a faded altar of an unknown god here.
This altar belongs to (a) Ashenzari, (b) Sif Muna or (c) Gozag, but you can't tell which.
Press the corresponding letter to learn more about a god, or press enter to convert or escape to cancel.
Okay, then.
Unknown command.
Press < or > to pray at altars.
There is a stone staircase leading down here.
You fly downwards.
There is a stone staircase leading up here.
There is a stone staircase leading down here.
You fly downwards.
Found a stone staircase leading down.
There is a stone staircase leading up here.
Found a leather armour.
Found a ring mail.
You see here a +0 ring mail.
An ogre comes into view. It is wielding a +0 giant spiked club.
The ogre shouts!
You hit the ogre.
The ogre is lightly wounded.
The ogre hits you with a +0 giant spiked club!!
Ouch! That really hurt!
* * * LOW HITPOINT WARNING * * *
Your blood congeals into armour.
You are too injured to fight recklessly!
Unknown command.
It was a potion of resistance.
You feel protected.
You barely miss the ogre.
The ogre is lightly wounded.
The ogre hits you with a +0 giant spiked club!
Ouch! That really hurt!
You die...

#..#######..####
#..##...........
#.....####..####
##.#### #..#
##########.# #..#
........##.#######..#
#.##..........####
#O#...............
#@#.###.#####..###
#####...[##.# #..###
..........##.# #.....
######.......# ##.###
######### #.# #..
#####


You could see an ogre.

Vanquished Creatures
  Jessica (D:2)
  2 worms (D:2)
  4 endoplasms
  A giant cockroach (D:1)
  A goblin (D:2)
  2 hobgoblins
  2 quokkas
  5 ball pythons
  2 bats (D:2)
  2 frilled lizards
  2 kobolds
  4 rats
28 creatures vanquished.

Notes
Turn   | Place    | Note
-------+----------+-------------------------------------------
     0 | D:1      | Anandil the Demonspawn Fighter began the quest for the Orb.
     0 | D:1      | Reached XP level 1. HP: 18/18 MP: 1/1
   209 | D:1      | Gained mutation: When seriously injured, your blood forms
                  | armour. (AC +6) [demonic ancestry]
   209 | D:1      | Reached XP level 2. HP: 21/24 MP: 2/2
   347 | D:1      | Found a faded altar of an unknown god.
   500 | D:1      | Noticed an animated crystal plate armour
   504 | D:1      | Found Tutz's Armour Emporium.
   508 | D:1      | Noticed an animated shadow dragon scales
   825 | D:2      | Identified the +9 whip "Qepatom" {freeze, rElec}
  1165 | D:2      | Found an ancient bone altar of Kikubaaqudgha.
  1213 | D:2      | Gained mutation: You regenerate magic rapidly. [demonic
                  | ancestry]
  1213 | D:2      | Reached XP level 3. HP: 29/29 MP: 3/3
  1435 | D:2      | Noticed Jessica
  1447 | D:2      | Killed Jessica
  1729 | D:3      | Noticed an ogre
  1734 | D:3      | Demolished by an ogre

Illustrated notes

Levels and vault maps discovered:
D:1:      eino_arrival_druids_welcome, layout_basic,
          ebering_ecumenical_altar_webs, serial_shops, nicolae_shop_mannequins,
          chequers_serial_rivers_large_a, skrybe_limestone_x,
          corexii_leaking_fountain
D:2:      layout_loops_ring, basic_altar, serial_glass, glass_columns_b,
          glass_columns_a, item_on_display_a, feat_on_display,
          kennysheep_nondescript, minmay_misc_feat_plants,
          kennysheep_jessica_study
D:3:      layout_loops_ring, lemuel_coloured_pillars_altar,
          nicolae_qazlal_beasts_of_the_sky, hangedman_abyss_or_decor_stabs,
          uniq_natasha

Skill      XL: |  1  2 |
---------------+-------+-----
Long Blades    | 2 |  2.4
Armour         | 3 |  3.2
Shields        | 3 |  3.1
Fighting       | |  3.5

Action                     || total
---------------------------++-------
  Melee: Long sword        ||    89
    Use: Potion            ||     1
 Armour: Scale mail        ||    33
  Dodge: Dodged            ||    34
  Block: Buckler           ||    19
